 Dungeon Crawl Stone Soup version 0.29.1-15-g9cfb28693d (console) character file.

Game seed: 6116601098235505830

2 sentinel the Digger (level 1, 14/14 HPs)
             Began as a Meteoran Earth Elementalist on Aug 19, 2023.
             Quit the game on level 1 of the Dungeon.
             The game lasted 00:00:04 (117 turns).

sentinel the Digger (Meteoran Earth Elementalist)    Turns: 117, Time: 00:00:05

Health: 14/14      AC:  2    Str:  9    XL:     1   Next: 42%
Magic:  5/5        EV: 12    Int: 16    God:
Gold:   0          SH:  0    Dex: 14    Spells: 4/5 levels left

rFire   . . .      SeeInvis .   (no weapon)
rCold   . . .      Faith    .   (no shield)
rNeg    . . .      Spirit   .   a - +0 robe
rPois   .          Reflect  .   (no helmet)
rElec   .          Harm     .   (no cloak)
rCorr   .          Rampage  .   (no gloves)
Will    .....                   (no boots)
Stlth   +.........              (no amulet)
HPRegen 0.04/turn               (no ring)
MPRegen 0.09/turn               (no ring)

@: glowing
A: sense surroundings 1, otherworldly, glowing, explore regen
a: no special abilities


You were on level 1 of the Dungeon.
You visited 1 branch of the dungeon, and saw 1 of its levels.

Inventory:

Armour
 a - a +0 robe (worn)
Jewellery
 o - a ring of poison resistance
Scrolls
 e - a scroll of vulnerability {unknown}
 f - a scroll of identify {unknown}
Potions
 b - a potion of magic
 c - a potion of lignification {unknown}
 d - a potion of heal wounds {unknown}


   Skills:
 - Level 2.4 Dodging
 - Level 1.4 Stealth
 - Level 2.6 Spellcasting
 - Level 1.2 Transmutations
 + Level 3.8 Earth Magic


You had 4 spell levels left.
You knew the following spells:

 Your Spells              Type           Power      Damage    Failure   Level
a - Sandblast             Erth           28%        2d8       4%          1

Your spell library contained the following spells:

 Spells                   Type           Power      Damage    Failure   Level
 Passwall                 Tmut/Erth      8%         N/A       11%         2
 Stone Arrow              Conj/Erth      16%        3d8       26%         3
 Petrify                  Tmut/Erth      10%        N/A       56%         4


Dungeon Overview and Level Annotations

Branches:
Dungeon (1/15) Zot: 480

Altars:


Innate Abilities, Weirdness & Mutations

You passively map a small area around you.
You are easily found by Zot.
You glow in the dark.
You regain HP and MP as you explore.


Message History

The ogre shouts!
The octopode shouts!
The felid hisses angrily.
The demigod shouts!
The tengu shouts!
You open the door.
A giant cockroach comes into view.
There is an open door here.
Unknown command.
But you're not safe!
Unknown command.
But you're not safe!
Unknown command.
But you're not safe!
Unknown command.
But you're not safe!
Unknown command.
You miscast Sandblast.
You are very lightly contaminated with residual magic.
Nothing appears to happen.
The blast of sand hits the giant cockroach but does no damage.
The giant cockroach barely misses you.
Unknown command.
The blast of sand hits the giant cockroach but does no damage.
The giant cockroach bites you but does no damage.
The giant cockroach closely misses you.
Unknown command.
The blast of sand hits the giant cockroach.
The giant cockroach is severely wounded.
The giant cockroach bites you but does no damage. x2
Unknown command.
The blast of sand hits the giant cockroach!
You kill the giant cockroach!
Unknown command.
No reachable target in view!
No reachable target in view!
You are out of magic!
Unknown command.
You are out of magic!
Unknown command.
You are out of magic!
Unknown command.
You are out of magic!
Unknown command.
No reachable target in view!
No reachable target in view!
You are out of magic!
Unknown command.
You are out of magic!
Unknown command.
You are out of magic!
Unknown command.
You are out of magic!
Unknown command.
You start waiting.
Your magical contamination has completely faded away.
Unknown command.
c - an orange potion Unknown command.
A rat comes into view.
Unknown command.
But you're not safe!
Unknown command.
But you're not safe!
Unknown command.
The blast of sand hits the rat.
You kill the rat!
You are out of magic!
Unknown command.
You are out of magic!
Unknown command.
You are out of magic!
Unknown command.
You are out of magic!
Unknown command.
No target in view!
No target in view!
You are out of magic!
Unknown command.
You are out of magic!
Unknown command.
You are out of magic!
Unknown command.
You are out of magic!
Unknown command.
No target in view!
No target in view!
You are out of magic!
Unknown command.
You are out of magic!
Unknown command.
You are out of magic!
Unknown command.
You are out of magic!
Unknown command.
d - a purple potion Unknown command.
Found a stone staircase leading down.
Unknown command.
o - a ring of poison resistance Unknown command.
Magic restored.
Found 7 stones.
Found a stone staircase leading down.
Unknown command.
e - a scroll labelled KAD PUHAMP Unknown command.
No target in view!
No target in view!
You can't see any susceptible monsters within range! (Use Z to cast anyway.) Unknown command.
You can't see any susceptible monsters within range! (Use Z to cast anyway.) Unknown command.
You can't see any susceptible monsters within range! (Use Z to cast anyway.) Unknown command.
You can't see any susceptible monsters within range! (Use Z to cast anyway.) Unknown command.
No target in view!
No target in view!
You can't see any susceptible monsters within range! (Use Z to cast anyway.) Unknown command.
You can't see any susceptible monsters within range! (Use Z to cast anyway.) Unknown command.
You can't see any susceptible monsters within range! (Use Z to cast anyway.) Unknown command.
You can't see any susceptible monsters within range! (Use Z to cast anyway.) Unknown command.
No target in view!
No target in view!
You can't see any susceptible monsters within range! (Use Z to cast anyway.) Unknown command.
You can't see any susceptible monsters within range! (Use Z to cast anyway.) Unknown command.
You can't see any susceptible monsters within range! (Use Z to cast anyway.) Unknown command.
You can't see any susceptible monsters within range! (Use Z to cast anyway.) Unknown command.
f - a scroll labelled XUKOZY UNONU Unknown command.
Found 15 gold pieces.
Unknown command.
A giant cockroach comes into view.
Unknown command.
But you're not safe!
Unknown command.
But you're not safe!
Unknown command.
Unknown command.
Unknown command.
Unknown command.
Unknown command.
Are you sure you want to abandon this character and quit the game? (Confirm with "yes".)

..############################..#
...'.........................'.<#
..############################..#
..##Q#M#h#M#d#Q#f#e#o#i#H#n#H####
...###########################
.###..# #.# ...B , *,
.###..####.# #.. , ........##.#
#.# * .###..#.##.# #@#
.###..#.##.#####.# *
.................#
......#.##.#####.# .######.##(#
#.# .######.##.# #.# ..........>#
$.# #######.#### ### #.. *


You could see a giant cockroach (asleep).

Vanquished Creatures
  A giant cockroach (D:1)
  A rat (D:1)
2 creatures vanquished.

Notes
Turn   | Place    | Note
-------+----------+-------------------------------------------
     0 | D:1      | sentinel the Meteoran Earth Elementalist began the quest
                  | for the Orb.
     0 | D:1      | Reached XP level 1. HP: 14/14 MP: 5/5
     2 | D:1      | Noticed a troll
     2 | D:1      | Noticed a palentonga
     4 | D:1      | Noticed a ghoul
     6 | D:1      | Noticed a meteoran
     6 | D:1      | Noticed a minotaur
     8 | D:1      | Noticed a gargoyle
     8 | D:1      | Noticed a spriggan
    10 | D:1      | Noticed a naga
    12 | D:1      | Noticed a human
    12 | D:1      | Noticed an elf
    14 | D:1      | Noticed a demonspawn
    14 | D:1      | Noticed a vine stalker
    16 | D:1      | Noticed a formicid
    16 | D:1      | Noticed a tengu
    18 | D:1      | Noticed a merfolk
    18 | D:1      | Noticed a draconian
    20 | D:1      | Noticed an ogre
    22 | D:1      | Noticed an octopode
    22 | D:1      | Noticed a felid
    24 | D:1      | Noticed a demigod
    26 | D:1      | Noticed a tengu
   117 | D:1      | Quit the game

Illustrated notes

Levels and vault maps discovered:
D:1:      kb_arrival_jail, layout_loops_ring

Action                   || total
-------------------------++-------
 Cast: Sandblast         ||     5
Armor: Robe              ||     3
Dodge: Dodged            ||     2
